Map: [TLMC19] Crimson King

Players

Krystianer

  • Race: Protoss Protoss
  • Spawn Location: 1:00

HonMonO - Winner!

  • Race: Terran Terran
  • League: Master
  • Spawn Location: 7:00

VOD

Have the link to the VOD?

Description

Time

  • Played on: Dec. 19, 2023, 6:50 a.m.
  • Length: 15:11
Show
View Real Time Build Order
Export as new Build Order

Krystianer Protoss 

Build Orders: 1 Gate Expand, Blink Stalkers, Zealot Archon 

Get SALT Encoding   

  12  0:00  Probe  
  13  0:12  Probe  
  14  0:19  Pylon  
  14  0:24  Probe  
  15  0:37  Probe (Chrono Boost)  
  15  0:39  Gateway  
  16  0:46  Probe (Chrono Boost)  
  16  0:47  Assimilator  
  17  0:52  Probe  
  19  1:04  Probe  
  19  1:16  Probe  
  20  1:23  Nexus  
  20  1:32  Cybernetics Core  
  20  1:35  Probe  
  21  1:41  Assimilator  
  21  1:47  Probe  
  21  1:51  Pylon  
  22  1:59  Probe  
  23  2:06  Adept (Chrono Boost)  
  23  2:08  Warp Gate  
  23  2:11  Probe  
  26  2:17  Twilight Council  
  26  2:23  Probe (Chrono Boost)  
  26  2:29  Stalker  
  29  2:36  Probe x2 (Chrono Boost)  
  33  2:44  Probe x2 (Chrono Boost)  
  33  2:48  Blink (Chrono Boost)  
  33  2:49  Probe (Chrono Boost)  
  33  2:50  Probe  
  35  3:01  Stalker, Probe  
  35  3:05  Probe  
  39  3:13  Probe  
  39  3:17  Probe  
  41  3:20  Gateway  
  41  3:23  Robotics Facility  
  41  3:27  Gateway  
  41  3:32  Gateway  
  41  3:34  Probe  
  41  3:36  Probe  
  43  3:41  Pylon  
  43  3:46  Probe  
  43  3:47  Assimilator  
  44  3:48  Probe  
  45  4:00  Stalker, Pylon  
  45  4:01  Probe x2  
  49  4:13  Probe x2  
  49  4:15  Stalker  
  48  4:25  Stalker x2, Probe  
  48  4:27  Warp Prism (Chrono Boost)  
  55  4:34  Pylon  
  55  4:38  Stalker x2  
  59  4:48  Stalker  
  59  4:51  Pylon  
  59  4:52  Stalker  
  63  4:59  Observer  
  64  5:01  Stalker  
  64  5:02  Stalker  
  68  5:09  Pylon  
  68  5:17  Stalker x2  
  72  5:22  Nexus  
  72  5:24  Probe  
  72  5:25  Probe  
  64  5:37  Probe x2  
  64  5:41  Stalker x2  
  60  5:44  Stalker  
  60  5:45  Charge (Chrono Boost)  
  60  5:46  Stalker  
  62  5:53  Probe  
  62  5:54  Probe  
  64  6:01  Gateway  
  64  6:02  Gateway  
  64  6:06  Probe  
  65  6:11  Gateway  
  65  6:13  Gateway  
  65  6:21  Templar Archives, Probe x2  
  66  6:26  Zealot x2  
  70  6:33  Probe  
  70  6:35  Zealot x2  
  75  6:42  Shield Battery  
  75  6:44  Probe  
  76  6:48  Zealot x2  
  78  6:57  Zealot x4  
  86  7:08  Zealot, High Templar x2  
  88  7:09  Zealot  
  88  7:12  Archon  
  91  7:24  Gateway  
  81  7:30  Zealot x6  
  81  7:31  Probe  
  81  7:32  Probe  
  55  7:47  Pylon  
  55  7:49  Gateway, Zealot x3  
  55  7:50  Zealot x2  
  55  7:51  Zealot x2, Pylon  
  58  7:55  Gateway  
  56  8:03  Zealot x2  
  56  8:04  Zealot  
  60  8:15  High Templar  
  60  8:16  Zealot, High Templar  
  58  8:33  Zealot x3  
  58  8:37  Archon  
  58  8:52  High Templar  
  60  9:00  High Templar  
  60  9:01  Zealot x2  
  66  9:05  Archon  
  66  9:10  Pylon  
  54  9:52  Nexus  
  46  10:36  Nexus  
  46  10:37  High Templar  
  46  10:39  High Templar  
  46  10:42  Zealot, Pylon  
  50  10:43  Archon  
  52  10:54  Zealot  
  54  10:59  Zealot  
  56  11:09  Pylon  
  56  11:15  Zealot x2  
  60  11:29  Shield Battery  
  60  11:32  Probe  
  60  11:35  High Templar x2  
  60  11:36  Zealot x2  
  68  11:40  Zealot, Archon  
  68  11:44  Zealot  
  72  11:48  Zealot  
  72  11:54  Probe  
  75  11:56  Probe  
  75  11:57  Probe  
  77  12:04  Zealot x2  
  77  12:05  Sentry  
  82  12:14  Probe  
  83  12:21  Zealot x4  
  89  12:25  Zealot  
  77  12:45  Zealot  
  77  12:46  Zealot x4  
  85  12:52  Templar Archives  
  85  13:01  Zealot x3  
  68  13:13  Zealot  
  58  13:21  Zealot x2  
  58  13:22  Gateway  
  58  13:26  Zealot  
  60  13:36  Pylon  
  60  13:38  Pylon  
  60  13:47  Pylon  
  60  14:10  Gateway  
  58  14:18  Zealot x3  
  58  14:20  Zealot  
  66  14:26  Pylon  
  35  14:56  Zealot x2  
Show
View Real Time Build Order
Export as new Build Order

HonMonO Terran - Winner!

Build Orders:  

Get SALT Encoding   

  12  0:00  SCV  
  13  0:12  SCV  
  14  0:17  Supply Depot  
  14  0:24  SCV  
  15  0:38  SCV  
  15  0:40  Barracks  
  16  0:44  Refinery  
  16  0:50  SCV  
  17  1:03  SCV  
  18  1:15  SCV  
  19  1:27  Orbital Command, Marine  
  20  1:39  Command Center  
  20  1:46  Barracks Reactor  
  20  1:51  Supply Depot  
  20  1:54  SCV  
  21  2:06  SCV  
  22  2:14  Bunker  
  22  2:17  Factory  
  22  2:19  SCV  
  23  2:23  Marine x2  
  25  2:31  SCV  
  25  2:33  Barracks  
  26  2:41  Marine x2  
  26  2:43  SCV  
  29  2:48  Barracks  
  29  2:55  Orbital Command  
  29  2:57  SCV  
  30  3:08  Hellion  
  30  3:09  SCV  
  30  3:10  Hellion  
  35  3:18  Supply Depot  
  35  3:21  SCV  
  35  3:22  Barracks Tech Lab  
  35  3:23  SCV  
  35  3:24  Barracks Tech Lab  
  37  3:33  SCV, Hellion  
  42  3:34  Hellion  
  42  3:39  SCV  
  43  3:43  Stimpack  
  43  3:44  Barracks Reactor  
  43  3:46  Refinery  
  43  3:53  SCV  
  44  4:03  SCV  
  44  4:07  Marine  
  44  4:08  Siege Tank, Marine  
  44  4:09  SCV, Marine  
  51  4:17  SCV  
  51  4:23  SCV  
  47  4:24  Marine x2  
  47  4:25  Marine  
  47  4:29  SCV  
  44  4:32  Marine x2  
  44  4:35  SCV, Engineering Bay  
  47  4:40  Siege Tank  
  47  4:41  SCV  
  47  4:42  Marine  
  52  4:46  Marine x2  
  52  4:52  Bunker  
  54  4:56  Supply Depot  
  54  4:57  Supply Depot  
  54  5:06  SCV x2, Marine x4  
  54  5:07  Marauder  
  62  5:10  Supply Depot  
  62  5:17  Siege Tank  
  62  5:18  SCV x2  
  67  5:24  Marine x2  
  67  5:25  Marine x2  
  67  5:28  Marauder  
  73  5:30  SCV  
  73  5:34  SCV  
  72  5:42  Marine x2  
  74  5:43  SCV, Marine x2  
  74  5:46  SCV  
  74  5:47  Combat Shield  
  78  5:53  Bunker  
  78  5:57  Supply Depot, Missile Turret  
  78  6:00  Siege Tank, Marine  
  78  6:01  Supply Depot, Marine x2  
  78  6:02  Marine  
  85  6:04  SCV  
  86  6:13  Marine  
  86  6:14  SCV  
  88  6:18  Marine x2  
  88  6:19  Marauder  
  88  6:21  Marine  
  88  6:25  SCV  
  94  6:31  Marine  
  95  6:34  SCV  
  95  6:36  Marine  
  95  6:37  SCV  
  94  6:41  Marauder  
  94  6:42  Siege Tank  
  94  6:43  Marine x2  
  94  6:46  SCV  
  100  6:50  SCV  
  100  6:51  Marine  
  98  6:54  Marine  
  98  7:01  Marine  
  98  7:02  Marine, Marauder  
  98  7:03  SCV  
  102  7:08  Marine  
  102  7:10  Bunker  
  102  7:14  Marine  
  104  7:16  SCV  
  104  7:20  Marine  
  106  7:25  Marine x2  
  106  7:26  Marine  
  94  7:31  SCV  
  94  7:32  Marine  
  80  7:37  SCV  
  80  7:38  Marine  
  80  7:42  Marine  
  80  7:43  SCV, Marine  
  79  7:48  Marine  
  79  7:49  SCV  
  79  7:51  Concussive Shells  
  81  7:52  Terran Infantry Weapons Level 1  
  81  7:55  SCV  
  81  7:56  Marine  
  83  8:01  SCV  
  83  8:04  Marine  
  83  8:05  Marine  
  86  8:07  SCV  
  86  8:11  Marine  
  88  8:13  SCV  
  88  8:18  Marine  
  88  8:19  SCV  
  89  8:20  Marine  
  89  8:21  Marine  
  89  8:25  SCV  
  89  8:26  Marine  
  87  8:29  Marine  
  87  8:31  SCV  
  89  8:37  SCV  
  89  8:41  Starport  
  90  8:43  SCV  
  90  8:44  Marine x2  
  93  8:49  SCV  
  93  8:53  Marine x2, Marauder  
  98  8:55  SCV  
  98  9:01  SCV  
  98  9:02  Marine  
  101  9:08  SCV, Marine  
  101  9:09  Siege Tank  
  106  9:12  Supply Depot  
  106  9:15  Supply Depot, Refinery  
  106  9:17  Refinery  
  106  9:23  SCV  
  106  9:24  Marine  
  102  9:28  SCV  
  95  9:32  Barracks  
  95  9:37  Medivac x2  
  99  9:40  Barracks Tech Lab  
  99  9:41  SCV  
  99  9:43  Siege Tank  
  99  9:45  Marine  
  104  9:47  Marine x2  
  104  9:48  SCV  
  86  9:56  SCV  
  86  9:57  Missile Turret  
  86  9:59  Marauder  
  86  10:00  Barracks  
  86  10:02  SCV  
  86  10:05  Ghost Academy  
  86  10:06  Terran Infantry Armor Level 1  
  87  10:09  Marine, Marauder  
  87  10:13  SCV  
  91  10:19  Medivac x2  
  92  10:22  Barracks Tech Lab  
  91  10:34  Command Center  
  91  10:36  Ghost  
  91  10:39  Supply Depot  
  91  10:40  Marine x3  
  96  10:45  Ghost  
  98  10:50  Barracks Tech Lab  
  98  11:05  Ghost  
  98  11:09  Ghost  
  98  11:11  SCV x2  
  104  11:12  Marine x2  
  104  11:18  Marauder x2  
  110  11:23  Missile Turret  
  110  11:25  Bunker  
  110  11:26  Supply Depot  
  110  11:28  Widow Mine  
  112  11:33  SCV x2  
  112  11:35  Marauder  
  116  11:41  Armory  
  116  11:42  Marine  
  116  11:43  Marine  
  118  11:49  Marauder  
  120  12:01  SCV x2, Marauder x2  
  126  12:10  Widow Mine  
  126  12:11  Marauder  
  130  12:17  SCV  
  130  12:19  SCV  
  132  12:22  Planetary Fortress  
  132  12:26  Marine  
  133  12:30  Marine  
  133  12:31  Marine  
  128  12:42  Medivac x2  
  130  12:44  Marine x2, Marauder  
  130  12:45  Marauder  
  130  12:48  Marine  
  130  12:49  Marine  
  130  12:50  SCV  
  132  13:02  Marine x2  
  125  13:05  Marine  
  125  13:06  Marine x2  
  125  13:07  Marine  
  123  13:13  SCV  
  119  13:20  Marine x2  
  119  13:23  Marine x2  
  123  13:53  Command Center  
  123  13:54  Marauder  
  125  14:21  Marine, Marauder  
  128  14:27  SCV x2  
  130  14:45  Marine x2, Marauder  
  126  14:46  Marine  
Tags
 
Add a new tag
Caveats
  • Supply blocks, unpowered buildings, or Contaminate may cause inaccurate times.
  • Supply counts are checked every 10 seconds.